 Dungeon Crawl Stone Soup version 0.31.0-11-ge490571c62 (webtiles) character file.

Game seed: 16477743290733832377

15845 Arcadio the Stormcaller (level 12, 0/59 HPs)
             Began as a Tengu Air Elementalist on Jan 31, 2024.
             Was a Priest of Sif Muna.
             Slain by a merfolk
             ... wielding a +5 vampiric trident
              (16 damage)
             ... on level 2 of the Lair of Beasts.
             The game lasted 00:42:50 (19794 turns).

Arcadio the Stormcaller (Tengu Air Elementalist)   Turns: 19794, Time: 00:42:51

Health: 0/59       AC: 11    Str:  9    XL:     12   Next: 31%
Magic:  1/28       EV: 20    Int: 21    God:    Sif Muna [***...]
Gold:   196        SH:  0    Dex: 22    Spells: 19/33 levels left

rFire   . . .        w - +8 long sword of Drought {spect, rC++ Dex+2}
rCold   + + .        D - orb {*channel}
rNeg    . . .        A - +0 steam dragon scales
rPois   .            (helmet restricted)
rElec   .            M - +1 cloak
rCorr   .            O - +0 pair of gloves
SInv    .            (boots unavailable)
Will    .....        (no amulet)
Stlth   ++           t - +4 ring of slaying
HPRegen 0.29/turn    B - +6 ring of dexterity
MPRegen 0.21/turn

%: acrobat, channel magic (20%)
@: about to teleport, flying
A: beak, talons 3, evasive flight, acrobatic
a: Renounce Religion, Channel Magic, Forget Spell


You were on level 2 of the Lair of Beasts.
You worshipped Sif Muna.
Sif Muna was most pleased with you.
You visited 4 branches of the dungeon, and saw 14 of its levels.

You collected 816 gold pieces.
You spent 620 gold pieces at shops.

Inventory:

Hand Weapons
 g - a +0 short sword
 w - the +8 long sword of Drought (weapon) {spect, rC++ Dex+2}
   (You took it off a gnoll on level 4 of the Dungeon)

   Dex+2:     It affects your dexterity (+2).
   rC++:      It greatly protects you from cold.
Armour
 a - a +0 robe
 m - a +0 troll leather armour
 u - a +0 cloak
 y - a +0 leather armour
 z - a +0 ring mail
 A - +0 steam dragon scales (worn)
 D - an orb of energy (worn)
 M - a +1 cloak (worn)
 O - a +0 pair of gloves (worn)
Magical Staves
 h - a staff of conjuration
Jewellery
 t - a +4 ring of slaying (left hand)
 B - a +6 ring of dexterity (right hand)
 C - a ring of resist corrosion
 H - a ring of protection from fire
 I - an amulet of guardian spirit
 N - the ring of Bos Ograme {rN+ SInv}
   (You found it on level 10 of the Dungeon)

   [ring of positive energy]

   rN+:       It protects you from negative energy.
   SInv:      It lets you see invisible.
 S - a +4 ring of protection
Wands
 L - a wand of charming (3)
 P - a wand of mindburst (3)
 T - a wand of digging (18)
Scrolls
 b - a scroll of blinking
 d - a scroll of amnesia {unknown}
 f - 3 scrolls of revelation
 i - 2 scrolls of vulnerability
 j - a scroll of torment {unknown}
 n - a scroll of enchant weapon {unknown}
 o - a scroll of fog {unknown}
 p - 5 scrolls of teleportation
 q - a scroll of enchant armour {unknown}
 r - a scroll of identify
 s - 5 scrolls of immolation
 E - a scroll of fear {unknown}
 F - 3 scrolls of noise
 G - a scroll of acquirement {unknown}
 J - 2 scrolls of silence {unknown}
 Q - a scroll of summoning {unknown}
Potions
 c - 4 potions of curing
 e - 5 potions of attraction
 k - a potion of degeneration {unknown}
 l - a potion of enlightenment
 v - a potion of lignification {unknown}
 x - a potion of cancellation {unknown}
 K - 3 potions of brilliance
 R - a potion of magic


   Skills:
 + Level 10.3 Armour
 - Level 6.1 Dodging
 - Level 2.0 Stealth
 + Level 11.0 Spellcasting
 - Level 1.3 Conjurations
 + Level 15.5 Air Magic


You had 19 spell levels left.
You knew the following spells:

 Your Spells              Type           Power      Damage    Failure   Level
a - Shock                 Conj/Air       100%       1d9       2%          1
b - Static Discharge      Conj/Air       94%        3-7/arc   2%          2
c - Swiftness             Air            67%        N/A       1%          3
d - Airstrike             Air            33%        2d(5-21)  1%          4
e - Summon Lightning Spi  Summ/Air       44%        N/A       9%          4

Your spell library contained the following spells:

 Spells                   Type           Power      Damage    Failure   Level
 Sting                    Conj/Alch      56%        1d6       13%         1
 Apportation              Tloc           22%        N/A       17%         1
 Necrotise                Necr           44%        1d6       17%         1
 Summon Small Mammal      Summ           44%        N/A       17%         1
 Call Imp                 Summ           22%        N/A       22%         2
 Ensorcelled Hibernation  Hex/Ice        22%        N/A       22%         2
 Jinxbite                 Hex            22%        N/A       22%         2
 Sublimation of Blood     Necr           11%        N/A       22%         2
 Passwall                 Erth           11%        N/A       36%         3
 Animate Armour           Summ/Erth      22%        N/A       71%         4
 Animate Dead             Necr           11%        N/A       71%         4
 Borgnjor's Vile Clutch   Necr/Erth      5%         N/A       95%         5
 Lee's Rapid Deconstruct  Erth           5%         3d6*      95%         5
 Yara's Violent Unravell  Hex/Alch       5%         3d4       95%         5
 Death Channel            Necr           5%         N/A       100%        6
 Enfeeble                 Hex            5%         N/A       100%        7
 Summon Hydra             Summ           5%         N/A       100%        7


Dungeon Overview and Level Annotations

Branches:
Dungeon (10/15)            Temple (1/1) D:4            Lair (2/5) D:8
 Shoals (0/4) Lair:2          Orc (1/2) D:10
  Snake: Lair:2-3    Spider: Lair:2-3

Altars:
Ashenzari
Cheibriados
Dithmenos
Elyvilon
Fedhas
Gozag
Hepliaklqana
Kikubaaqudgha
Makhleb
Nemelex Xobeh
Okawaru
Qazlal
Ru
Sif Muna
Trog
Uskayaw
Vehumet
Wu Jian
Xom
Yredelemnul
Zin
The Shining One

Shops:
D:4 [:(   D:10 !((:

Annotations:
D:10 3 runed translucent doors, flestrin's ghost, journeyman GrRe
Orc:1 Nergalle


Innate Abilities, Weirdness & Mutations

You have a beak for a mouth.
You have claws for feet.
Your magical flight helps you evade attacks. (EV +4)
You can magically evade attacks while moving or waiting.


Message History

Your magical contamination has completely faded away.
Casting: Airstrike (dangerous; 1% risk of failure)
Confirm with . or Enter, or press ? or * to list all spells.
Aiming: Airstrike (dangerous; 1% risk of failure)
Press: ? - help, Dir - move target, f - merfolk
Aim: a merfolk, wielding a +0 trident and quivering boomerangs (lightly wounded, empty space bonus: 5/8)
The air twists around and strikes the merfolk!
The merfolk is moderately wounded.
You hear a shout!
Casting: Airstrike (dangerous; 1% risk of failure)
Confirm with . or Enter, or press ? or * to list all spells.
Aiming: Airstrike (dangerous; 1% risk of failure)
Press: ? - help, Dir - move target, f/p - merfolk
Aim: a merfolk, wielding a +0 trident and quivering boomerangs (moderately wounded, empty space bonus: 7/8)
The air twists around and strikes the merfolk!!
The merfolk is severely wounded.
Casting: Airstrike (dangerous; 1% risk of failure)
Confirm with . or Enter, or press ? or * to list all spells.
Aiming: Airstrike (dangerous; 1% risk of failure)
Press: ? - help, Dir - move target, f/p - merfolk
Aim: a merfolk, wielding a +0 trident and quivering boomerangs (severely wounded, empty space bonus: 8/8)
The air twists around and strikes the merfolk!
The merfolk is severely wounded.
Magical energy flows into your mind!
Casting: Airstrike (dangerous; 1% risk of failure)
Confirm with . or Enter, or press ? or * to list all spells.
Aiming: Airstrike (dangerous; 1% risk of failure)
Press: ? - help, Dir - move target, f/p - merfolk
Aim: a merfolk, wielding a +0 trident and quivering boomerangs (severely wounded, empty space bonus: 8/8)
The air twists around and strikes the merfolk!
The merfolk is almost dead.
The merfolk hits you from afar with a +0 trident!
* * * LOW HITPOINT WARNING * * *
You feel better.
The merfolk hits you but does no damage.
Okay, then.
As you read the scroll of teleportation, it crumbles to dust.
You feel strangely unstable.
The merfolk hits you from afar with a +5 vampiric trident!
You die...

.................................
.........................)''###
.............P#####.##...)#~..#
............#####.####P...#.m.#
...##.##..#.##.......#....##m..#
..........P..#........#....#~~.#
..#.........#.....m...#..8.##~#.#
..........P.##..............#m>.#
..#.......#.##..@.m........##~#.#
..#.......#.##.......#P....# ##
..#.....P#..#####..###....## #.
............#.#.######....# ##.
..........................# #..
..........................++###..
.................................
.................................
...........................##.##.


You could see 2 merfolk.

Vanquished Creatures
  A two-headed ogre (D:10)
  A torpor snail (Lair:1)
  A black mamba (Lair:1)
  A merfolk siren (Lair:2)
  An unseen horror (D:10)
  3 cane toads
  2 rime drakes
  A kobold demonologist (D:10)
  An unseen horror skeleton (D:8)
  4 komodo dragons
  2 blink frogs (Lair:2)
  2 trolls
  A wyvern (Lair:2)
  14 yaks
  2 hogs (D:9)
  A steam dragon (D:7)
  A warg (Orc:1)
  A human (D:9)
  A basilisk (D:7)
  An acid dragon (D:10)
  2 water moccasins
  Duvessa (D:5)
  2 sky beasts
  4 orc warriors (D:10)
  2 black bears
  2 ogres
  6 wolves
  4 centaurs
  A phantom (D:6)
  2 kobold brigands
  A gnoll sergeant (D:8)
  5 bullfrogs
  5 scorpions
  A wyvern zombie (D:8)
  20 wights
  Dowan (D:5)
  2 electric eels (D:8)
  2 howler monkeys (D:9)
  A centaur zombie (D:8)
  2 jellies
  10 hounds
  3 bombardier beetles
  2 gnoll boudas
  A human zombie (D:8)
  4 orc priests
  3 sleepcaps (D:6)
  6 iguanas
  5 orc wizards
  2 killer bee zombies (D:8)
  A howler monkey zombie (D:8)
  2 howler monkey skeletons (D:8)
  10 adders
  22 gnolls
  2 shadow imps
  A white imp (D:6)
  2 ufetubi (D:5)
  2 dart slugs
  A ribbon worm (D:5)
  29 orcs
  2 bats
  6 endoplasms
  5 giant cockroaches
  6 goblins
  7 hobgoblins
  4 jackals (D:4)
  3 quokkas
  10 ball pythons
  A frilled lizard (D:3)
  9 kobolds
  3 rats
272 creatures vanquished.

Vanquished Creatures (collateral kills)
  Jeremiah (D:7)
  A merfolk (Lair:2)
  3 blink frogs (Lair:2)
  Grum (Lair:1)
  3 wolves (Lair:1)
  2 wights (D:8)
11 creatures vanquished.

Grand Total: 283 creatures vanquished

Notes
Turn   | Place    | Note
-------+----------+-------------------------------------------
     0 | D:1      | Arcadio the Tengu Air Elementalist began the quest for the
                  | Orb.
     0 | D:1      | Reached XP level 1. HP: 10/10 MP: 4/4
   396 | D:1      | Reached XP level 2. HP: 15/15 MP: 4/6
   644 | D:1      | Learned a level 2 spell: Static Discharge
  1048 | D:2      | Reached XP level 3. HP: 19/19 MP: 5/7
  1278 | D:2      | Reached skill level 5 in Air Magic
  1348 | D:2      | Reached XP level 4. HP: 24/24 MP: 1/9
  1690 | D:3      | Noticed a scorpion
  1706 | D:3      | Learned a level 3 spell: Swiftness
  1713 | D:3      | Noticed a +0 short sword
  1714 | D:3      | Noticed a +0 spear
  1714 | D:3      | Noticed a +0 falchion
  1714 | D:3      | Noticed a +0 short sword
  1715 | D:3      | Noticed a +0 falchion
  1715 | D:3      | Noticed a +0 dagger
  1715 | D:3      | Noticed a +0 spear
  1716 | D:3      | Noticed a +0 dagger
  1718 | D:3      | Found a hide-covered altar of Uskayaw.
  1881 | D:3      | Killed a scorpion
  1882 | D:3      | Reached skill level 6 in Air Magic
  1882 | D:3      | Reached XP level 5. HP: 27/28 MP: 2/11
  2405 | D:4      | You fall into a shaft and drop 2 floors!
  2507 | D:6      | Reached XP level 6. HP: 15/32 MP: 2/13
  2699 | D:5      | Entered Level 5 of the Dungeon
  2718 | D:5      | Reached skill level 7 in Air Magic
  2729 | D:5      | Noticed Duvessa
  2739 | D:5      | Killed Duvessa
  2801 | D:5      | Gained mutation: Your magical flight helps you evade
                  | attacks. (EV +4) [Tengu growth]
  2801 | D:5      | Reached XP level 7. HP: 21/36 MP: 9/15
  2924 | D:4      | Found Tawoxiett's Antique Armour Shop.
  2924 | D:4      | Found Xaneopp's Book Shop.
  2924 | D:4      | Found Jivuyqom's Weapon Shop.
  2936 | D:5      | Reached skill level 5 in Spellcasting
  3065 | D:5      | Noticed Dowan
  3069 | D:5      | Killed Dowan
  3210 | D:5      | Reached skill level 8 in Air Magic
  3909 | D:5      | Learned a level 4 spell: Airstrike
  4015 | D:5      | Reached XP level 8. HP: 30/41 MP: 9/17
  4271 | D:5      | Noticed a yak
  4272 | D:5      | Noticed a yak
  4275 | D:5      | Killed a yak
  4276 | D:5      | Reached skill level 9 in Air Magic
  4616 | D:4      | Found a sparkling altar of Nemelex Xobeh.
  4828 | D:4      | Identified the +8 long sword of Drought {spect, rC++ Dex+2}
  4944 | D:4      | Found a staircase to the Ecumenical Temple.
  4954 | Temple   | Entered the Ecumenical Temple
  5012 | Temple   | Became a worshipper of Sif Muna the Loreminder
  5677 | D:4      | Reached skill level 5 in Dodging
  6003 | D:5      | Killed a yak
  6269 | D:5      | Noticed a yak
  6271 | D:5      | Noticed a yak
  6271 | D:5      | Noticed a yak
  6300 | D:5      | Noticed a yak
  6358 | D:4      | Killed a yak
  6680 | D:4      | Killed a yak
  6681 | D:4      | Reached skill level 10 in Air Magic
  6681 | D:4      | Reached XP level 9. HP: 32/45 MP: 2/20
  7741 | D:6      | Reached skill level 1 in Armour
  7875 | D:6      | Reached * piety under Sif Muna
  8586 | D:7      | Reached skill level 11 in Air Magic
  8865 | D:4      | Bought a book of Iron for 320 gold pieces
  8870 | D:4      | Learned a level 4 spell: Summon Lightning Spire
  8993 | D:5      | Found a glowing golden altar of the Shining One.
  9003 | D:5      | Found a bloodstained altar of Trog.
  9823 | D:7      | Noticed Jeremiah
  9830 | D:7      | Killed Jeremiah
 10170 | D:7      | Reached XP level 10. HP: 16/50 MP: 17/23
 10782 | D:8      | Reached skill level 5 in Armour
 10792 | D:8      | Reached skill level 12 in Air Magic
 11627 | D:8      | Found a staircase to the Lair.
 11636 | D:8      | Reached ** piety under Sif Muna
 12038 | D:8      | Found a shadowy altar of Dithmenos.
 12039 | D:8      | Found a hazy altar of Hepliaklqana.
 12929 | D:8      | Found an ancient bone altar of Kikubaaqudgha.
 13138 | D:8      | Identified the +3 dagger of the Rescuing Butterfly {flame,
                  | rElec rC- Str+4 Dex+2}
 13431 | D:9      | Reached skill level 13 in Air Magic
 13781 | D:9      | Found a glowing silver altar of Zin.
 14015 | D:9      | Found a snail-covered altar of Cheibriados.
 14383 | D:10     | Entered Level 10 of the Dungeon
 14613 | D:9      | Reached XP level 11. HP: 51/54 MP: 20/25
 14730 | D:10     | Found Eveph's Weapon Shop.
 14825 | D:10     | Found a radiant altar of Vehumet.
 14991 | D:10     | Found Cecaiz's Weapon Boutique.
 14999 | D:10     | Found Aliunoubio's Distillery.
 15010 | D:10     | Bought a potion of curing for 45 gold pieces
 15010 | D:10     | Bought a potion of brilliance for 60 gold pieces
 15010 | D:10     | Bought a potion of haste for 150 gold pieces
 15010 | D:10     | Bought a potion of curing for 45 gold pieces
 15204 | D:10     | Noticed a two-headed ogre
 15207 | D:10     | Killed a two-headed ogre
 15213 | D:10     | Identified the ring of Bos Ograme {rN+ SInv}
 15266 | D:10     | Found Reqiss's Book Shop.
 15485 | D:10     | Found a staircase to the Orcish Mines.
 15559 | D:10     | Found a runed translucent gate.
 15559 | D:10     | Found a runed translucent gate.
 15559 | D:10     | Noticed a nine-headed hydra
 15559 | D:10     | Noticed flestrin's ghost (journeyman GrRe)
 15560 | D:10     | Found a runed translucent gate.
 15560 | D:10     | Noticed a 12-headed hydra
 15881 | D:10     | Reached skill level 14 in Air Magic
 16031 | Orc:1    | Entered Level 1 of the Orcish Mines
 16035 | Orc:1    | Noticed Nergalle
 16674 | D:10     | Reached *** piety under Sif Muna
 16678 | D:10     | Reached skill level 10 in Spellcasting
 16952 | Lair:1   | Entered Level 1 of the Lair of Beasts
 18365 | Lair:1   | Noticed Grum
 18383 | Lair:1   | Killed Grum
 18840 | Lair:2   | Found a glowing golden altar of the Shining One.
 18849 | Lair:2   | Reached skill level 15 in Air Magic
 18849 | Lair:2   | Reached XP level 12. HP: 54/59 MP: 13/27
 19333 | Lair:2   | Reached skill level 10 in Armour
 19672 | Lair:2   | Identified the +5 sling of the Sun {freeze, rF+ Will+
                  | Int+2}
 19769 | Lair:2   | Found a staircase to the Shoals.
 19794 | Lair:2   | Slain by a merfolk

Illustrated notes

Levels and vault maps discovered:
D:1:      dpeg_arrival_concentric_ovals, layout_loops_ring, minmay_box_of_dots
D:2:      layout_rooms, kennysheep_doodads
D:3:      layout_rooms, nicolae_uskayaw_en_pointe, dk_noncrumbling_2,
          dreamdust_princess_corridor, nicolae_half_adder
D:4:      layout_basic, mainiacjoe_overflow_cross_hatched,
          minmay_temple_entry_sparse_star, nicolae_shop_distant_corner_stores,
          serial_library_hellmonk_open_square, lightli_corner_chamber
D:5:      minmay_chambers_of_fours, layout_loops_ring,
          mainiacjoe_overflow_large_starburst, uniq_duvessa
D:6:      layout_rooms, grunt_ministairs_13, minmay_misc_feat_diagonals
D:7:      layout_basic, uniq_jeremiah
D:8:      layout_cave_pools, riverfiend_overflow_shadow_ancestor,
          lemuel_mausoleum_altar_kikubaaqudgha, erik_lair_island,
          hangedman_decor_points, kennysheep_nondescript
D:9:      layout_roguey, lemuel_tele_altar, kennysheep_slug_shrine
D:10:     layout_roguey, fiery_altar_vehumet, minmay_orc_entry_temple_small,
          gammafunk_ghost_hydra_chop, serial_shops,
          nicolae_shop_tiny_real_fake_doors, nicolae_shop_bloodbath_and_beyond,
          nicolae_stop_n_shop_1, shop, grunt_livestock,
          kennysheep_generic_room_11
Temple:   minmay_temple_forest_path
Lair:1:   layout_gridlike, uniq_grum
Lair:2:   layout_regular_city, elwin_shoals_entry_stream, basic_altar,
          grunt_forest_small_clearings, nicolae_quartered_pool_medium
Orc:1:    layout_caves, serial_shops, nicolae_shop_tiny_statue_garden,
          kennysheep_orc_chapel, uniq_nergalle

Skill      XL: |  1  2  3  4  5  6  7  8  9 10 11 12 |
---------------+-------------------------------------+-----
Air Magic      | 5 6 7 8 10 11 13 15 | 15.5
Spellcasting   | 3 4 5 6 8 9 10 11 | 11.0
Dodging        | 4 5 6 |  6.1
Armour         | 4 7 9 10 | 10.3
Stealth        | |  2.0
Conjurations   | |  1.3

Action                     |  1- 3 |  4- 6 |  7- 9 | 10-12 || total
---------------------------+-------+-------+-------+-------++-------
  Melee: Short sword       |     3 |       |       |       ||     3
         Peck              |     1 |       |     3 |     7 ||    11
         Staff             |       |       |    11 |    32 ||    43
         Kick              |       |       |     8 |    12 ||    20
   Cast: Shock             |    49 |    58 |   117 |    22 ||   246
         Static Discharge  |       |    16 |    45 |    26 ||    87
         Airstrike         |       |       |    52 |   225 ||   277
         Summon Lightning  |       |       |     1 |     6 ||     7
  Evoke: Wand              |       |     2 |       |       ||     2
    Use: Scroll            |       |     4 |       |    10 ||    14
         Potion            |       |     2 |       |     4 ||     6
 Armour: Robe              |     3 |    28 |    56 |       ||    87
         Steam dragon scal |       |       |    23 |   113 ||   136
         Ring mail         |       |       |    10 |       ||    10
  Dodge: Dodged            |    12 |    14 |    49 |   249 ||   324
